 Dungeon Crawl Stone Soup version 0.29-a0-723-gce39da1c22 (webtiles) character file.

Game seed: 14867005444796130155

80 xian the Charlatan (level 4, 0/30 HPs)
             Began as a Demonspawn Wanderer on June 28, 2022.
             Slain by an orc
             ... wielding a +0 falchion
              (7 damage)
             ... on level 3 of the Dungeon.
             The game lasted 00:05:25 (2750 turns).

xian the Charlatan (Demonspawn Wanderer)            Turns: 2750, Time: 00:05:27

Health: 0/30       AC:  4    Str: 12    XL:     4   Next: 18%
Magic:  0/7        EV: 11    Int: 17    God:
Gold:   115        SH:  0    Dex: 11    Spells: 6/7 levels left

rFire   . . .      SeeInvis .   (no weapon)
rCold   . . .      Faith    .   (no shield)
rNeg    . . .      Spirit   .   d - +0 robe
rPois   .          Reflect  .   (helmet restricted)
rElec   .          Harm     .   j - +0 cloak
rCorr   .          Rampage  .   (no gloves)
Will    .....                   (no boots)
Stlth   ++........              (no amulet)
HPRegen 0.10/turn               (no ring)
MPRegen 0.10/turn               (no ring)

@: no status effects
A: horns 1, sharp scales 1
a: no special abilities


You were on level 3 of the Dungeon.
You visited 1 branch of the dungeon, and saw 3 of its levels.

You collected 115 gold pieces.

Inventory:

Hand Weapons
 i - a +0 sling
Missiles
 f - 5 poisoned darts
Armour
 d - a +0 robe (worn)
 j - a +0 cloak (worn)
Wands
 e - a wand of charming (12)
Scrolls
 a - a scroll of blinking
 b - a scroll of teleportation
Potions
 c - a potion of attraction
 h - 2 potions of degeneration
 k - a potion of ambrosia {unknown}
 l - a potion of heal wounds
 n - a potion of curing


   Skills:
 + Level 0.3 Fighting
 + Level 0.8 Dodging
 + Level 1.3 Stealth
 + Level 0.2 Unarmed Combat
 + Level 2.3 Spellcasting
 + Level 1.1 Transmutations
 + Level 2.4 Poison Magic
 + Level 5.4 Evocations


You had 6 spell levels left.
You knew the following spells:

 Your Spells              Type           Power      Damage    Failure   Level
a - Sting                 Tmut/Pois      32%        1d4       9%          1

Your spell library contained the following spells:

 Spells                   Type           Power      Damage    Failure   Level
 Mephitic Cloud           Conj/Pois/Air  4%         N/A       38%         3


Dungeon Overview and Level Annotations

Branches:
Dungeon (3/15)

Altars:
Ru

Shops:
D:3 (


Innate Abilities, Weirdness & Mutations

You have a pair of small horns on your head.
You are partially covered in razor-sharp scales. (AC +1, Slay +1)


Message History

You kill the orc!
An orc comes into view. It is wielding a +0 falchion.
The sting misses the goblin.
The sting misses the orc.
The goblin closely misses you.
The sting hits the goblin.
The goblin is poisoned.
The goblin is moderately wounded.
An orc priest comes into view. It is wielding a +0 club.
The goblin hits you but does no damage. The goblin attacks as you move away!
The goblin closely misses you.
You kill the goblin!
There is an entrance to Wafuphou's Weapon Emporium here.
As you open the door, it creaks loudly! The orc attacks as you move away!
The orc barely misses you.
There is an open door here.
The sting misses the orc.
The sting hits the orc but does no damage.
The orc is poisoned.
The orc hits you with a +0 club.
You hit the orc.
The orc is lightly wounded.
The orc hits you with a +0 club.
You hit the orc.
The orc is moderately wounded.
The orc hits you with a +0 club.
You hit the orc.
The orc is heavily wounded.
You closely miss the orc. You headbutt the orc, but do no damage.
The orc is heavily wounded.
The orc hits you with a +0 club.
You hit the orc. Your headbutt misses the orc.
The orc is severely wounded.
The orc looks more healthy.
The orc hits you with a +0 club.
You hit the orc.
You kill the orc!
The orc priest invokes the aid of Beogh against you.
Beogh smites you!
* * * LOW HITPOINT WARNING * * *
You hit the orc but do no damage.
The orc is moderately wounded.
The orc hits you with a +0 falchion!
You die...

#.........###
+......r......
#.o#)#....##..
#####≈)##..##
#..#≈≈.###.#
#..'..∩..+.#
########.####.≈≈#.#
.........# #o≈...#
.........# #@#.###
.........# #...#
.........# #####
.........#
########.# #.# #.#
#.# ##########.#


You could see an orc priest and an orc.

Vanquished Creatures
  4 adders
  A worm (D:2)
  2 dart slugs (D:1)
  3 orcs (D:3)
  2 bats
  An endoplasm (D:1)
  3 giant cockroaches
  A goblin (D:3)
  6 hobgoblins
  A kobold (D:2)
  A quokka (D:1)
  2 ball pythons (D:1)
  3 frilled lizards
  4 rats
34 creatures vanquished.

Notes
Turn   | Place    | Note
-------+----------+-------------------------------------------
     0 | D:1      | xian the Demonspawn Wanderer began the quest for the Orb.
     0 | D:1      | xian set off with the following items: a +0 club, a scroll
                  | of teleportation, a potion of attraction, a +0 robe, a wand
                  | of charming (12); and the following spell memorised: Sting;
                  | and the following spells available to memorise: Mephitic
                  | Cloud.
     0 | D:1      | Reached XP level 1. HP: 13/13 MP: 3/3
   354 | D:1      | Gained mutation: You are partially covered in razor-sharp
                  | scales. (AC +1, Slay +1) [demonic ancestry]
   354 | D:1      | Reached XP level 2. HP: 13/19 MP: 0/5
  1142 | D:1      | Found a faded altar of an unknown god.
  1650 | D:2      | Reached XP level 3. HP: 22/24 MP: 0/6
  1665 | D:2      | Reached skill level 1 in Transmutations
  1854 | D:2      | Found a sacrificial altar of Ru.
  2511 | D:3      | Gained mutation: You have a pair of small horns on your
                  | head. [demonic ancestry]
  2511 | D:3      | Reached XP level 4. HP: 14/30 MP: 2/7
  2712 | D:3      | Found Wafuphou's Weapon Emporium.
  2750 | D:3      | Slain by an orc

Illustrated notes

Levels and vault maps discovered:
D:1:      minmay_arrival_loop, layout_loops_corners,
          ebering_ecumenical_altar_mist, hangedman_decor_opposing
D:2:      layout_rooms, basic_altar, minmay_tiny_reverse_x
D:3:      minmay_octagon_keep, layout_basic, serial_shops,
          nicolae_shop_hallway_plus, shop_fountains, nicolae_shop_behind_doors,
          nicolae_shop_hallway_stairs, minmay_misc_feat_chi,
          minmay_misc_feat_columns, minmay_misc_feat_rows

Skill      XL: |  1  2  3 |
---------------+----------+-----
Transmutations | 1 |  1.1
Fighting       | |  0.3
Dodging        | |  0.8
Stealth        | |  1.3
Unarmed Combat | |  0.2
Spellcasting   | |  2.3
Poison Magic   | |  2.4
Evocations     | |  5.4

Action                   |  1- 3 |  4- 6 || total
-------------------------+-------+-------++-------
Melee: Club              |     4 |       ||     4
       Unarmed           |    39 |     8 ||    47
       Flail             |     1 |       ||     1
       Headbutt          |       |     2 ||     2
 Fire: Sling             |     2 |       ||     2
 Cast: Sting             |    60 |     9 ||    69
  Use: Scroll            |     5 |       ||     5
Armor: Robe              |    17 |     2 ||    19
Dodge: Dodged            |    47 |     5 ||    52

Table legend: (Time is in decaauts)
 A = Elapsed time spent in this place.
 B = Non-inter-level travel time spent in this place.
 C = Inter-level travel time spent in this place.
 D = Time resting spent in this place.
 E = Time spent auto-exploring this place.
 F = Levels seen in this place.
 G = Mean time per level.
                   A        B        C        D        E       F      G
               +--------+--------+--------+--------+--------+-----+--------+
         Total |   2750 |   2705 |     45 |      0 |   2357 |   3 |  916.7 |
       Dungeon |   2750 |   2705 |     45 |      0 |   2357 |   3 |  916.7 |
               +--------+--------+--------+--------+--------+-----+--------+

Top non-repeatable levels by time:
     D:1: 1524 daAuts
     D:2: 911 daAuts
     D:3: 314 daAuts
